 Dungeon Crawl Stone Soup version 0.22-a0-282-gdd34a7d (webtiles) character file.

6 Amnesiac the Vexing (level 1, -1/12 HPs)
             Began as a Deep Elf Enchanter on Mar 18, 2018.
             Slain by a leopard gecko (2 damage)
             ... on level 1 of the Dungeon.
             The game lasted 00:00:30 (430 turns).

Amnesiac the Vexing (Deep Elf Enchanter)             Turns: 430, Time: 00:00:31

Health: -1/12      AC:  2    Str:  5    XL:     1   Next: 75%
Magic:  4/6        EV: 13    Int: 19    God:
Gold:   48         SH:  0    Dex: 15    Spells: 5/6 levels left

rFire    . . .     SeeInvis .   a - +1 dagger
rCold    . . .     Gourm    .   (no shield)
rNeg     . . .     Faith    .   b - +0 robe
rPois    .         Spirit   .   (no helmet)
rElec    .         Reflect  .   (no cloak)
rCorr    .         Harm     .   (no gloves)
MR       .....                  (no boots)
Stlth    ++........             (no amulet)
HPRegen  0.04/turn              (no ring)
MPRegen  0.10/turn              (no ring)

@: no status effects
A: no striking features
a: no special abilities


You were on level 1 of the Dungeon.
You were not hungry.

You visited 1 branch of the dungeon, and saw 1 of its levels.

You collected 48 gold pieces.

Inventory:

Hand Weapons
 a - a +1 dagger (weapon)
Armour
 b - a +0 robe (worn)
 i - a +0 pair of gloves
Scrolls
 e - a scroll of remove curse {!r, unknown}
 f - a scroll of identify {!r, unknown}
 g - a scroll of enchant armour {!r, unknown}
Potions
 c - a potion of curing {!q, unknown}
 h - a potion of magic {!q, unknown}
Comestibles
 d - 2 rations


   Skills:
 + Level 1.1 Fighting
 - Level 1.0 Short Blades
 - Level 2.4 Dodging
 - Level 3.6 Stealth
 - Level 3.0 Spellcasting
 - Level 4.0 Hexes


You had 5 spell levels left.
You knew the following spells:

 Your Spells              Type           Power        Failure   Level  Hunger
a - Corona                Hex            ###....      3%          1    None


Dungeon Overview and Level Annotations

Branches:
Dungeon (1/15)

Altars:


Message History

The dart slug bites you but does no damage.
You hit the dart slug but do no damage.
The dart slug is severely wounded.
The dart slug bites you.
You hit the dart slug.
The dart slug is almost dead.
The dart slug stops glowing.
You hit the dart slug.
The dart slug is almost dead.
The dart slug closely misses you.
You hit the dart slug.
You kill the dart slug!
Your Fighting skill increases to level 1!
You start resting.
Magic restored.
Your magical contamination has completely faded away.
You now have 34 gold pieces (gained 11).
A rat comes into view.
A rat is nearby!
A rat is nearby!
The helpless rat fails to defend itself.
You puncture the rat!
You kill the rat!
You now have 48 gold pieces (gained 14).
c - a fuming golden potion {!q} A leopard gecko comes into view.
You see here a scroll labeled ZONLEW TUGO {!r}.
The leopard gecko hisses angrily.
The leopard gecko bites you.
You closely miss the leopard gecko. The leopard gecko barely misses you.
Casting: Corona (safe; 3% risk of failure)
Confirm with . or Enter, or press ? or * to list all spells.
Aiming: Corona (safe; 3% risk of failure)
Press: ? - help, Shift-Dir - straight line, f - leopard gecko
Aim: a leopard gecko (clinging, chance to defeat MR: 73%)
The leopard gecko is outlined in light.
The leopard gecko bites you.
* * * LOW HITPOINT WARNING * * *
The leopard gecko barely misses you.
You closely miss the leopard gecko. The leopard gecko closely misses you.
You closely miss the leopard gecko. The leopard gecko closely misses you.
You hit the leopard gecko.
The leopard gecko is lightly wounded.
The leopard gecko barely misses you.
You hit the leopard gecko.
The leopard gecko is severely wounded.
The leopard gecko misses you.
You hit the leopard gecko but do no damage.
The leopard gecko is severely wounded.
The leopard gecko closely misses you.
You barely miss the leopard gecko.
The leopard gecko is severely wounded.
The leopard gecko stops glowing.
The leopard gecko misses you.
Casting: Corona (safe; 3% risk of failure)
Confirm with . or Enter, or press ? or * to list all spells.
Aiming: Corona (safe; 3% risk of failure)
Press: ? - help, Shift-Dir - straight line, f/p - leopard gecko
Aim: a leopard gecko (severely wounded, clinging, chance to defeat MR: 73%)
The leopard gecko barely resists.
The leopard gecko bites you.
* * * LOW HITPOINT WARNING * * *
The leopard gecko barely misses you.
You completely miss the leopard gecko.
The leopard gecko is severely wounded.
The leopard gecko bites you.
You die...

.................
.....###.##.....
#.........#.....
######............###
..........##......###
#.?...+.........
##....##......###
###.............#.#
#.@....####+#..(...
#l##..........>....
#. #...###.........
#. #...............
#. #...............
#. #............#.#
#.##.#####.#..#.#.#
#.#................
#.#.##.###..#.#.###


You could see a leopard gecko.

Vanquished Creatures
  A dart slug (D:1)
  A goblin (D:1)
  A frilled lizard (D:1)
  2 rats (D:1)
5 creatures vanquished.

Notes
Turn   | Place    | Note
-------+----------+-------------------------------------------
     0 | D:1      | Amnesiac the Deep Elf Enchanter began the quest for the Orb.
     0 | D:1      | Reached XP level 1. HP: 10/10 MP: 6/6
   344 | D:1      | Reached skill level 1 in Fighting
   430 | D:1      | Slain by a leopard gecko

Vault maps used:
D:1:      lightli_molten_gateway, minmay_stone_trees_large

Skill      XL: |  1 |
---------------+----+-----
Fighting       | 1 |  1.1
Short Blades   | |  1.0
Dodging        | |  2.4
Stealth        | |  3.6
Spellcasting   | |  3.0
Hexes          | |  4.0

Action                   || total
-------------------------++-------
Melee: Dagger            ||    23
 Cast: Corona            ||     6
 Stab: Sleeping          ||     2
Armor: Robe              ||     2
Dodge: Dodged            ||    14

Table legend:
 A = Spawn XP
 B = Non-spawn XP
 C = Spawn XP percentage of total XP
 D = Spawn monster count
 E = Non-spawn monster count
 F = Spawn count percentage of total count
 G = Total turns spent on level
                    A         B        C        D         E        F      G
               +---------+---------+-------+---------+---------+-------+---------
         Total |       0 |       9 |   0.0 |       0 |       5 |   0.0 |   430
               +---------+---------+-------+---------+---------+-------+---------
           D:1 |       0 |       9 |   0.0 |       0 |       5 |   0.0 |   430
               +---------+---------+-------+---------+---------+-------+---------
